 Dungeon Crawl Stone Soup version 0.16-a0-3228-ge148b08 (webtiles) character file.

1131 Miyamura the Grasshopper (level 8, -2/54 HPs)
             Began as a High Elf Warper on Dec 21, 2014.
             Was a Follower of Okawaru.
             Slain by an orc warrior
             ... wielding a +0 short sword
              (15 damage)
             ... on level 6 of the Dungeon.
             The game lasted 00:25:29 (10286 turns).

Miyamura the Grasshopper (High Elf Warper)         Turns: 10286, Time: 00:25:29

Health: -2/54      AC:  9    Str: 12    XL:     8   Next: 13%
Magic:  18/22      EV: 16    Int: 18    God:    Okawaru [*.....]
Gold:   214        SH:  0    Dex: 14    Spells: 4 memorised, 8 levels left

rFire  . . .     SeeInvis .     a - +0 falchion
rCold  . . .     Clarity  .     h - +0 ring mail (curse)
rNeg   . . .     SustAb   .     (no shield)
rPois  +         Gourm    .     (no helmet)
rElec  .         Spirit   .     v - +0 cloak
rCorr  .         Warding  .     g - +0 pair of gloves
rMut   .         Stasis   .     (no boots)
MR     .....                    (no amulet)
Stlth  ++........               (no ring)
                                n - ring of poison resistance

@: heroism, not resistant to hostile enchantments, unstealthy
A: no striking features
a: Heroism, Renounce Religion


You were on level 6 of the Dungeon.
You worshipped Okawaru.
Okawaru was aware of your devotion.
You were not hungry.

You visited 1 branch of the dungeon, and saw 6 of its levels.

You collected 214 gold pieces.

Inventory:

Hand weapons
 a - a +0 falchion (weapon)
Missiles
 e - 5 tomahawks of dispersal (quivered)
 j - a tomahawk
Armour
 g - a +0 pair of gloves (worn)
 h - a cursed +0 ring mail (worn)
 v - a +0 cloak (worn)
Jewellery
 n - a ring of poison resistance (left hand)
Magical devices
 m - a wand of slowing (17)
 t - a wand of fireball (0)
 u - a wand of lightning (0)
Scrolls
 p - 4 scrolls of random uselessness {unknown}
 r - a scroll of enchant armour {unknown}
 s - 2 scrolls of identify
 w - a scroll of immolation {unknown}
Potions
 b - 2 potions of haste
 d - a potion of restore abilities {unknown}
 k - 3 potions of might
 l - a potion of lignification {unknown}
 o - a potion of heal wounds
 q - a potion of poison {unknown}
 z - a potion of curing {unknown}
 A - a potion of brilliance {unknown}
 B - a potion of degeneration {unknown}
Books
 c - a book of Spatial Translocations

   Spells                             Type                      Level
   a - Apportation                    Translocation                1
   b - Blink                          Translocation                2
   c - Shroud of Golubria             Charms/Translocation         2
   d - Portal Projectile              Translocation                3
   e - Teleport Other                 Translocation                3
   f - Passage of Golubria            Translocation                4
Comestibles
 f - 6 bread rations
 i - 2 beef jerkies
 x - a slice of pizza
 C - a meat ration


   Skills:
 + Level 4.3(9.3) Fighting
 + Level 5.0(10.0) Long Blades
 - Level 2.0(7.0) Throwing
 + Level 3.5(8.5) Armour
 + Level 4.9(9.9) Dodging
 + Level 4.9 Spellcasting
 + Level 5.1 Translocations


You had 8 spell levels left.
You knew the following spells:

 Your Spells              Type           Power        Failure   Level  Hunger
a - Apportation           Tloc           ###.......   1%          1    None
b - Blink                 Tloc           N/A          3%          2    #......
c - Shroud of Golubria    Chrm/Tloc      ##........   12%         2    #......
d - Teleport Other        Tloc           ###.....     10%         3    ###....


Dungeon Overview and Level Annotations

Branches:
Dungeon (6/15)
 Temple: D:4-7

Altars:
Cheibriados
Makhleb
Nemelex Xobeh
Okawaru
Ru
Zin


Message History

The orc warrior hits you but does no damage.
You hit the orc warrior but do no damage.
The orc warrior is severely wounded.
The orc warrior hits you with a short sword!
Your magical contamination has completely faded away.
Casting: Shroud of Golubria
Confirm with . or Enter, or press ? or * to list all spells.
Space distorts slightly along a thin shroud covering your body.
The orc warrior closely misses you.
You hit the orc warrior but do no damage.
The orc warrior is severely wounded.
You hit the orc warrior.
The orc warrior is severely wounded.
The orc warrior hits you with a short sword!
* * * LOW HITPOINT WARNING * * *
Your shroud falls apart!
You hit the orc warrior.
The orc warrior is almost dead.
The orc warrior hits you with a short sword!
You die...

..........)).####.....
..........#)..##.....# #
..........##..#......# ..
.........####.......# ..
.........# ##....### .
.........# #.....###
........## ###......###..
........#####............#
................@o......#
...............####.....#
.##........##### ##..##
####......## ## # ##...###
#...# ##..####
##.....#######
#.............#


You could see an orc warrior.

Vanquished Creatures
  Grinder (D:4)
  A sky beast (D:5)
  A phantom (D:4)
  An ogre (D:5)
  Sigmund (D:5)
  2 scorpions (D:6)
  An orc priest (D:6)
  2 giant frog skeletons (D:4)
  2 hounds
  2 orc wizards
  4 worker ants
  Jessica (D:3)
  A hound skeleton (D:5)
  A gnoll (D:4)
  4 adders
  A giant mite (D:2)
  2 worms (D:1)
  6 giant geckos
  An ooze (D:5)
  13 orcs
  7 bats
  5 giant cockroaches
  9 goblins
  12 hobgoblins
  7 jackals
  2 ball pythons
  9 giant newts
  16 kobolds
  A quokka (D:5)
  A quokka zombie (D:5)
  15 rats
132 creatures vanquished.

Notes
Turn   | Place    | Note
--------------------------------------------------------------
     0 | D:1      | Miyamura, the High Elf Warper, began the quest for the Orb.
     0 | D:1      | Reached XP level 1. HP: 14/14 MP: 4/4
   111 | D:1      | Reached skill level 1 in Armour
   627 | D:1      | Reached XP level 2. HP: 6/19 MP: 6/6
   638 | D:1      | Learned a level 2 spell: Blink
   641 | D:1      | Learned a level 2 spell: Shroud of Golubria
  1599 | D:1      | Reached XP level 3. HP: 24/24 MP: 8/8
  2594 | D:2      | Found a sacrificial altar of Ru.
  3539 | D:2      | Reached XP level 4. HP: 30/30 MP: 9/11
  3582 | D:2      | Learned a level 3 spell: Teleport Other
  4196 | D:2      | Found a sparkling altar of Nemelex Xobeh.
  4197 | D:2      | Found a glowing silver altar of Zin.
  4307 | D:3      | Noticed Jessica
  4315 | D:3      | Killed Jessica
  4902 | D:4      | Reached XP level 5. HP: 36/36 MP: 10/14
  4962 | D:4      | Found an iron altar of Okawaru.
  5093 | D:4      | Found a burning altar of Makhleb.
  5106 | D:4      | Became a worshipper of Warmaster Okawaru
  5574 | D:4      | Noticed Grinder
  5599 | D:4      | Paralysed by Grinder for 6 turns
  6080 | D:4      | Reached skill level 4 in Translocations
  6435 | D:3      | Reached XP level 6. HP: 33/42 MP: 12/17
  7873 | D:4      | Paralysed by Grinder for 4 turns
  7879 | D:4      | Paralysed by Grinder for 3 turns
  7883 | D:4      | Killed Grinder
  7883 | D:4      | Acquired Okawaru's first power
  7883 | D:4      | Reached XP level 7. HP: 29/47 MP: 18/20
  8043 | D:4      | Found a snail-covered altar of Cheibriados.
  8223 | D:4      | Noticed an ogre
  8783 | D:5      | Entered Level 5 of the Dungeon
  8956 | D:5      | Noticed Sigmund
  8983 | D:5      | Killed Sigmund
  9986 | D:5      | Reached skill level 5 in Translocations
  9992 | D:5      | Reached skill level 5 in Long Blades
  9992 | D:5      | Reached XP level 8. HP: 45/54 MP: 20/22
 10286 | D:6      | Slain by an orc warrior

Action                   |  1- 3 |  4- 6 |  7- 9 || total
-------------------------+-------+-------+-------++-------
Melee: Falchion          |   228 |   296 |   239 ||   763
 Cast: Shroud of Golubri |    14 |    26 |    11 ||    51
       Teleport Other    |       |     1 |       ||     1
       Blink             |       |    11 |     6 ||    17
Invok: Heroism           |       |       |     3 ||     3
Evoke: Wand              |       |     5 |     2 ||     7
  Use: Scroll            |       |     9 |       ||     9
       Potion            |       |       |     1 ||     1
  Eat: Chunk             |     9 |    10 |     9 ||    28
       Meat ration       |       |     1 |       ||     1
       Pizza             |       |     1 |       ||     1
